 Dungeon Crawl Stone Soup version 0.29.0-4-gdea44cf6ec (webtiles) character file.

Game seed: 3017528358697370865

23 qw the Chopper (level 2, 0/17 HPs)
             Began as a Tengu Warper on Aug 28, 2022.
             Succumbed to their own poison gas
             ... on level 1 of the Dungeon.
             The game lasted 00:00:03 (953 turns).

qw the Chopper (Tengu Warper)                        Turns: 953, Time: 00:00:04

Health: 0/17       AC:  8    Str: 11    XL:     2   Next: 95%
Magic:  6/6        EV:  5    Int: 13    God:
Gold:   53         SH:  0    Dex: 13    Spells: 5/5 levels left

rFire   . . .      SeeInvis .   Y - +1 hand axe
rCold   . . .      Faith    .   (no shield)
rNeg    . . .      Spirit   .   g - +0 chain mail
rPois   .          Reflect  .   (helmet restricted)
rElec   .          Harm     .   (no cloak)
rCorr   .          Rampage  .   (no gloves)
Will    .....                   (boots unavailable)
Stlth   ..........              (no amulet)
HPRegen 0.05/turn               (no ring)
MPRegen 0.10/turn               (no ring)

@: lethally poisoned (0 -> -6)
A: beak, talons 3
a: no special abilities


You were on level 1 of the Dungeon.
You visited 1 branch of the dungeon, and saw 1 of its levels.

You collected 53 gold pieces.


Innate Abilities, Weirdness & Mutations

You have a beak for a mouth.
You have claws for feet.


   Skills:
 - Level 2.0 Fighting
 + Level 3.7 Axes
 - Level 1.0 Throwing
 - Level 1.1 Armour
 - Level 2.1 Dodging
 - Level 2.0 Spellcasting
 - Level 2.4 Translocations


You had 5 spell levels left.
You didn't know any spells.
Your spell library contained the following spells:

 Spells                   Type           Power      Damage    Failure   Level
 Blink                    Tloc           14%        N/A       100%        2
 Gell's Gravitas          Tloc           7%         N/A       100%        3
 Lesser Beckoning         Tloc           7%         N/A       100%        3
 Teleport Other           Tloc           7%         N/A       100%        3
 Manifold Assault         Tloc           7%         N/A       100%        5

Inventory:

Hand Weapons
 Y - a +1 hand axe (weapon)
Missiles
 d - 7 boomerangs of dispersal
 f - 6 javelins (quivered)
Armour
 g - a +0 chain mail (worn)
Jewellery
 m - a ring of fire
Potions
 e - a potion of brilliance {unknown}
 h - a potion of curing {unknown}
 j - a potion of resistance {unknown}

Dungeon Overview and Level Annotations

Branches:
Dungeon (1/15)

Altars:


Message History

You continue putting on your +0 chain mail. x5
You finish putting on your +0 chain mail.
944 ||| DROPPING +0 leather armour.
You drop a +0 leather armour.
Partly explored, can't reach some places.
945 ||| READING scroll labelled HIOSCH YRHUJUMEU.
As you read the scroll labelled HIOSCH YRHUJUMEU, it crumbles to dust.
It is a scroll of identify.
Really abort (and waste the scroll)?
Partly explored, can't reach some places.
946 ||| READING scroll labelled KITSA VAROIG.
The air fills with toxic fumes!
As you read the scroll labelled KITSA VAROIG, it crumbles to dust.
It was a scroll of poison.
Partly explored, can't reach some places.
947 ||| READING scroll labelled REIMNAE ZAKOKA.
As you read the scroll labelled REIMNAE ZAKOKA, it crumbles to dust.
It is a scroll of enchant weapon.
Your +0 hand axe glows red for a moment.
Partly explored, can't reach some places.
948 ||| DROPPING scroll of blinking.
You drop a scroll of blinking.
Partly explored, can't reach some places.
(D) Dungeon
Where to? (* - list waypoints, ? - help)
What level of the Dungeon? (default 1, ? - help) Sorry, I don't know how to get there.
Partly explored, can't reach some places.
949 ||| Stepping randomly (stuck).
Really walk into that cloud of poison gas?
You are engulfed in poison gas.
You are poisoned.
You feel very sick.
950 ||| Stepping ~*~*~tactically~*~*~ (cloud).
You feel very sick.
Things that are here:
a scroll of blinking; a +0 leather armour
There is a lethal amount of poison in your body!
You feel sick.
There is a lethal amount of poison in your body!
You feel sick.
There is a lethal amount of poison in your body!
You die...

###############
####¤............. ######## ##
#¤P¤############## #......#
#¤##0P¤##0#### #......##
#P¤¤¤¤0¤#...#
####.......###PP¤P¤0P###.# ####
...#.......#¤#0P0¤¤0P#¤0.#####...
...#.......##00¤¤0¤¤0P#......#.##
...#.......##¤¤0@0P¤¤¤##.......#
...#.......##P¤¤PP0¤¤¤##.......##
...#........#P¤¤¤¤0¤¤0#..........
.%....#>...######¤#######.....###
...#.##.#..##....¤¤.PP###......##
......#.##..#.P.P¤PP..#..........
......#.#####P.P.0PP..#......#...
.#.........##P........#..###.....
.#....#.##.#.#.......#...........


There were no monsters in sight!

Vanquished Creatures
  A dart slug (D:1)
  2 bats (D:1)
  3 endoplasms (D:1)
  2 giant cockroaches (D:1)
  A goblin (D:1)
  2 hobgoblins (D:1)
  2 quokkas (D:1)
  3 ball pythons (D:1)
  A frilled lizard (D:1)
  2 rats (D:1)
19 creatures vanquished.

Notes
Turn   | Place    | Note
-------+----------+-------------------------------------------
     0 | D:1      | qw the Tengu Warper began the quest for the Orb.
     0 | D:1      | Reached XP level 1. HP: 12/12 MP: 4/4
     0 | D:1      | 0 ||| qw: Version: 0.1-a-89-g26bdef1
     0 | D:1      | 0 ||| qw: Game counter: 993
     0 | D:1      | 0 ||| qw: Always use a shield: true
     0 | D:1      | 0 ||| qw: God list: Okawaru
     0 | D:1      | 0 ||| qw: Allow faded altars: false
     0 | D:1      | 0 ||| qw: Do Orc after D:15 true
     0 | D:1      | 0 ||| qw: Do second Lair branch before Depths: true
     0 | D:1      | 0 ||| qw: Lair rune preference: random
     0 | D:1      | 0 ||| qw: Plans: Normal
     0 | D:1      | 0 ||| PLANNING D:1-11
   117 | D:1      | Found a faded altar of an unknown god.
   142 | D:1      | Reached skill level 3 in Axes
   142 | D:1      | Reached XP level 2. HP: 16/17 MP: 6/6
   369 | D:1      | 369 ||| Stepping ~*~*~tactically~*~*~ (stealth).
   934 | D:1      | 934 ||| UPGRADING to +0 chain mail.
   944 | D:1      | 944 ||| DROPPING +0 leather armour.
   945 | D:1      | 945 ||| READING scroll labelled HIOSCH YRHUJUMEU.
   946 | D:1      | 946 ||| READING scroll labelled KITSA VAROIG.
   947 | D:1      | 947 ||| READING scroll labelled REIMNAE ZAKOKA.
   948 | D:1      | 948 ||| DROPPING scroll of blinking.
   949 | D:1      | 949 ||| Stepping randomly (stuck).
   950 | D:1      | 950 ||| Stepping ~*~*~tactically~*~*~ (cloud).
   951 | D:1      | HP: 3/17 [poisoned by you (poison gas)]
   953 | D:1      | Succumbed to their own poison gas

Levels and vault maps discovered:
D:1:      evilmike_arrival_plus, layout_basic, shapermc_ecumenical_altar_gd

Skill      XL: |  1 |
---------------+----+-----
Axes           | 3 |  3.7
Fighting       | |  2.0
Throwing       | |  1.0
Armour         | |  1.1
Dodging        | |  2.1
Spellcasting   | |  2.0
Translocations | |  2.4

Action                   || total
-------------------------++-------
Melee: Hand axe          ||    20
       Kick              ||     4
       Peck              ||     4
Throw: Javelin           ||    18
  Use: Scroll            ||     3
Armor: Leather armour    ||     2
Dodge: Dodged            ||     6

Table legend:
 A = Non-vault XP
 B = Vault XP
 C = Vault XP percentage of total XP
 D = Non-vault monster count
 E = Vault monster count
 F = Vault count percentage of total count
                 A         B        C        D         E       F
            +---------+---------+-------+---------+---------+-------
      Total |      33 |       0 |   0.0 |      19 |       0 |   0.0
            +---------+---------+-------+---------+---------+-------
        D:1 |      33 |       0 |   0.0 |      19 |       0 |   0.0
            +---------+---------+-------+---------+---------+-------
